 Dungeon Crawl Stone Soup version 0.29-a0-553-g81b289dbe5 (webtiles) character file.

Game seed: 10332002574124759874

4010 DocClef the Covert (level 10, 0/82 HPs)
             Began as a Gnoll Delver on June 6, 2022.
             Was an Elder of Okawaru.
             Slain by an orc warlord
             ... wielding a +2 war axe of freezing
              (7 damage)
             ... in a bailey.
             The game lasted 00:09:40 (8341 turns).

DocClef the Covert (Gnoll Delver)                   Turns: 8341, Time: 00:09:41

Health: 0/82       AC: 13    Str: 16    XL:     10   Next: 23%
Magic:  17/17      EV: 14    Int:  9    God:    Okawaru [****..]
Gold:   468        SH:  0    Dex: 16    Spells: 19/19 levels left

rFire   + . .      SeeInvis .   l - +0 trident (venom)
rCold   . . .      Faith    .   (no shield)
rNeg    . . .      Spirit   .   v - +4 ring mail "Hyubbo" {Dex+2}
rPois   .          Reflect  .   c - +0 helmet
rElec   .          Harm     .   h - +0 cloak
rCorr   .          Rampage  .   (no gloves)
Will    .....                   E - +0 pair of boots
Stlth   ++++......              (no amulet)
HPRegen 0.23/turn               t - ring of protection from fire
MPRegen 0.15/turn               C - +4 ring of slaying

@: no status effects
A: fangs 1, strong nose, distributed training
a: Renounce Religion, Heroism, Finesse


You were in a bailey.
You worshipped Okawaru.
Okawaru was greatly pleased with you.
You visited 1 branch of the dungeon, and saw 8 of its levels.
You also visited: Bailey.

You collected 468 gold pieces.

Inventory:

Hand Weapons
 a - a +0 short sword
 l - a +0 trident of venom (weapon)
Missiles
 y - 2 throwing nets (quivered)
 D - 2 boomerangs
Armour
 b - a +0 leather armour
 c - a +0 helmet (worn)
 h - a +0 cloak (worn)
 v - the +4 ring mail "Hyubbo" (worn) {Dex+2}
   (You found it on level 2 of the Dungeon)

   Dex:       It affects your dexterity (+2).
 E - a +0 pair of boots (worn)
Jewellery
 p - a ring of willpower
 t - a ring of protection from fire (left hand)
 C - a +4 ring of slaying (right hand)
Wands
 g - a wand of digging (3)
 i - a wand of flame (23)
Scrolls
 d - a scroll of magic mapping
 e - 4 scrolls of fear
 j - 3 scrolls of vulnerability {unknown}
 k - a scroll of teleportation {unknown}
 m - 4 scrolls of amnesia {unknown}
 n - 4 scrolls of noise {unknown}
 o - a scroll of acquirement
 q - 4 scrolls of blinking {unknown}
 r - a scroll of brand weapon {unknown}
 s - 5 scrolls of identify {unknown}
 u - 2 scrolls of enchant armour {unknown}
 x - 2 scrolls of summoning {unknown}
 B - a scroll of torment {unknown}
 G - a scroll of fog
Potions
 f - 4 potions of haste
 w - a potion of mutation {unknown}
 z - a potion of lignification {unknown}
 A - a potion of flight {unknown}
 F - a potion of heal wounds
 H - a potion of magic {unknown}


   Skills:
 + Level 8.4 Fighting
 + Level 6.9 Short Blades
 + Level 5.1 Long Blades
 + Level 5.1 Axes
 + Level 5.1 Maces & Flails
 + Level 5.1 Polearms
 + Level 5.1 Staves
 + Level 5.1 Slings
 + Level 5.1 Bows
 + Level 5.1 Crossbows
 + Level 5.1 Throwing
 + Level 5.1 Armour
 + Level 6.9 Dodging
 + Level 10.8 Stealth
 + Level 5.1 Shields
 + Level 5.1 Unarmed Combat
 + Level 5.1 Spellcasting
 + Level 4.2 Conjurations
 + Level 4.2 Hexes
 + Level 4.2 Summonings
 + Level 4.2 Necromancy
 + Level 4.2 Translocations
 + Level 4.2 Transmutations
 + Level 4.2 Fire Magic
 + Level 4.2 Ice Magic
 + Level 4.2 Air Magic
 + Level 4.2 Earth Magic
 + Level 4.2 Poison Magic
 + Level 5.6 Invocations
 + Level 5.1 Evocations


You had 19 spell levels left.
You didn't know any spells.
Your spell library contained the following spells:

 Spells                   Type           Power      Damage    Failure   Level
 Beastly Appendage        Tmut           18%        N/A       8%          1
 Magic Dart               Conj           36%        1d4       8%          1
 Ensorcelled Hibernation  Hex/Ice        18%        N/A       12%         2
 Passwall                 Tmut/Erth      7%         N/A       12%         2
 Sublimation of Blood     Necr           9%         N/A       12%         2
 Wereblood                Tmut           9%         N/A       12%         2
 Conjure Flame            Conj/Fire      9%         6-21      24%         3
 Gell's Gravitas          Tloc           9%         N/A       24%         3
 Ignite Poison            Fire/Tmut/Pois 9%         N/A       24%         3
 Lesser Beckoning         Tloc           9%         N/A       24%         3
 Mephitic Cloud           Conj/Pois/Air  9%         N/A       24%         3
 Spider Form              Tmut/Pois      9%         N/A       24%         3
 Swiftness                Air            9%         N/A       24%         3
 Teleport Other           Tloc           9%         N/A       24%         3
 Petrify                  Tmut/Erth      9%         N/A       61%         4
 Sticky Flame             Conj/Fire      9%         2d3       61%         4
 Irradiate                Conj/Tmut      4%         3d14      91%         5
 Call Imp                 Summ           Unusable   N/A       N/A         2

Dungeon Overview and Level Annotations

Branches:
Dungeon (8/15)             Bailey (1/1)
 Temple: D:4-7         Lair: D:8-11

Altars:
Ashenzari
Dithmenos
Elyvilon
Gozag
Makhleb
Nemelex Xobeh
Okawaru
Trog
Uskayaw
Vehumet
Xom
Zin
The Shining One

Annotations:
D:8 2 transporters


Innate Abilities, Weirdness & Mutations

You have very sharp teeth.
Your uncanny sense of smell can sniff out nearby items.
Your experience applies equally to all skills.


Message History

There is a fountain of clear blue water here.
There is an open door here.
Things that are here:
a +0 hand axe; a +0 leather armour; a gnoll corpse
There is an open door, spattered with blood here.
An orc warrior comes into view. It is wielding a +0 war axe.
An orc warrior is nearby!
An orc warrior is nearby!
An orc warlord and an orc warrior come into view.
The orc warlord is wielding a +2 war axe of freezing and wearing a +1 plate armour of cold resistance. 2 goblins come into view.
There is an open door here.
An orc warrior comes into view. It is wielding a +0 war axe.
You reach to attack!
You hit the orc warlord but do no damage.
The orc warlord is poisoned.
The orc warlord roars a battlecry!
The orc warriors go into a battle-frenzy!
The orc warrior shouts! x2
You reach to attack!
You puncture the orc warlord!
The orc warlord looks as sick as possible!
The orc warlord is lightly wounded.
You hit the orc warlord.
The orc warlord looks as sick as possible!
Your punch misses the orc warlord.
The orc warlord is lightly wounded.
The orc warrior barely misses you. The orc warlord completely misses you.
You hit the orc warlord.
The orc warlord is lightly wounded.
The orc warrior hits you with a +0 war axe!!
The orc warlord hits you with a +2 war axe of freezing.
The orc warlord freezes you.
You hit the orc warlord but do no damage.
The orc warlord looks as sick as possible!
The orc warlord is lightly wounded.
The orc warrior hits you with a +0 war axe!!
The orc warlord hits you with a +2 war axe of freezing!!
* * * LOW HITPOINT WARNING * * *
The orc warlord freezes you!
You die...

#.....⌠...).#)....⌠.....
#........)).#...........
#...........#...........
###.).......###.....))).#
###.#'#)....###.###...))#'#
###.....###.###.....###.###.)
##.........###.......
∆###....
#..........8##o.g....
∆∆#.....
#..........8#@o......
∆∆#.....
#∩....⌠.....'o..g....
∆∆#.....
#..........8#...o....
∆∆#....)
#..........8##.......
∆∆#.....
##.........###.......
∆###....
###.....###.###.....###.###))
###.#'#.....###.###.....#)#
###)).......###.........#
#...........#...........


You could see an orc warlord (extremely poisoned), 3 orc warriors and 2 goblins.

Vanquished Creatures
  An orc knight (Bailey)
  Prince Ribbit (D:5)
  A wyvern (D:8)
  2 water moccasins (D:5)
  A black bear (D:5)
  9 orc warriors
  An ice beast (D:6)
  4 ogres
  2 centaurs
  2 phantoms
  A kobold brigand (D:8)
  A bullfrog (D:8)
  A gnoll sergeant (D:7)
  6 killer bees (D:5)
  5 howler monkeys
  3 orc priests
  2 hounds
  A jelly (D:6)
  3 iguanas
  4 orc wizards (D:6)
  20 gnolls
  7 adders
  2 white imps
  2 ufetubi (D:5)
  A worm (D:5)
  A dart slug (D:1)
  19 orcs
  3 endoplasms
  3 giant cockroaches
  15 goblins
  11 hobgoblins
  2 quokkas (D:3)
  3 ball pythons
  5 bats
  3 frilled lizards
  9 kobolds
  3 rats
160 creatures vanquished.

Notes
Turn   | Place    | Note
-------+----------+-------------------------------------------
     0 | D:5      | Reached skill level 9 in Stealth
     0 | D:5      | DocClef the Gnoll Delver began the quest for the Orb.
     0 | D:5      | Reached XP level 1. HP: 23/23 MP: 1/1
    24 | D:5      | Noticed a black bear
    32 | D:5      | You fall into a shaft and drop 1 floor!
    36 | D:6      | Noticed a jelly
    43 | D:6      | Killed a jelly
    44 | D:6      | Reached XP level 2. HP: 29/29 MP: 2/2
    44 | D:6      | Reached XP level 3. HP: 35/35 MP: 3/3
    60 | D:5      | Found a broken altar of Ashenzari.
   100 | D:5      | Reached skill level 1 in Long Blades
   100 | D:5      | Reached skill level 1 in Axes
   100 | D:5      | Reached skill level 1 in Maces & Flails
   100 | D:5      | Reached skill level 1 in Polearms
   100 | D:5      | Reached skill level 1 in Staves
   100 | D:5      | Reached skill level 1 in Slings
   100 | D:5      | Reached skill level 1 in Bows
   100 | D:5      | Reached skill level 1 in Crossbows
   100 | D:5      | Reached skill level 1 in Throwing
   100 | D:5      | Reached skill level 1 in Armour
   100 | D:5      | Reached skill level 1 in Shields
   100 | D:5      | Reached skill level 1 in Unarmed Combat
   100 | D:5      | Reached skill level 1 in Spellcasting
   100 | D:5      | Reached skill level 1 in Invocations
   100 | D:5      | Reached skill level 1 in Evocations
   100 | D:5      | Reached XP level 4. HP: 41/41 MP: 5/5
   192 | D:4      | Noticed a phantom
   230 | D:4      | Killed a phantom
   231 | D:4      | Reached skill level 1 in Conjurations
   231 | D:4      | Reached skill level 1 in Hexes
   231 | D:4      | Reached skill level 1 in Summonings
   231 | D:4      | Reached skill level 1 in Necromancy
   231 | D:4      | Reached skill level 1 in Translocations
   231 | D:4      | Reached skill level 1 in Transmutations
   231 | D:4      | Reached skill level 1 in Fire Magic
   231 | D:4      | Reached skill level 1 in Ice Magic
   231 | D:4      | Reached skill level 1 in Air Magic
   231 | D:4      | Reached skill level 1 in Earth Magic
   231 | D:4      | Reached skill level 1 in Poison Magic
   231 | D:4      | Reached XP level 5. HP: 18/47 MP: 5/7
   453 | D:4      | Found an opulent altar of Gozag.
   879 | D:4      | Reached XP level 6. HP: 51/53 MP: 8/8
   960 | D:4      | Found an iron altar of Okawaru.
   960 | D:4      | Found a hide-covered altar of Uskayaw.
   968 | D:4      | Found a shimmering altar of Xom.
   968 | D:4      | Found a burning altar of Makhleb.
   972 | D:4      | Became a worshipper of Warmaster Okawaru
   975 | D:4      | Found a sparkling altar of Nemelex Xobeh.
   976 | D:4      | Found a glowing golden altar of the Shining One.
   977 | D:4      | Found a radiant altar of Vehumet.
   978 | D:4      | Found a bloodstained altar of Trog.
  1412 | D:3      | Reached skill level 5 in Short Blades
  1412 | D:3      | Reached skill level 5 in Dodging
  1992 | D:3      | Found a glowing silver altar of Zin.
  2337 | D:2      | Identified the +4 ring mail "Hyubbo" {Dex+2}
  2654 | D:1      | Found a faded altar of an unknown god.
  3599 | D:5      | Noticed a water moccasin
  3615 | D:5      | Killed a water moccasin
  3616 | D:5      | Reached XP level 7. HP: 17/60 MP: 10/10
  3760 | D:5      | Reached * piety under Okawaru
  3891 | D:5      | Identified the +1 mace "Trog's Brutal Revenge" {freeze,
                  | rPois Will+++ Str-2 Int-4}
  4121 | D:5      | Reached skill level 10 in Stealth
  4346 | D:5      | Reached XP level 8. HP: 56/67 MP: 12/12
  4402 | D:5      | Noticed Prince Ribbit
  4421 | D:5      | Killed Prince Ribbit
  4440 | D:5      | HP: 3/67 [killer bee (1)]
  4452 | D:5      | Reached ** piety under Okawaru
  4452 | D:5      | HP: 2/67 [killer bee (3)]
  5583 | D:6      | Reached XP level 9. HP: 71/72 MP: 14/14
  5656 | D:6      | Found a shadowy altar of Dithmenos.
  5656 | D:6      | Found a white marble altar of Elyvilon.
  6811 | D:8      | Reached *** piety under Okawaru
  6866 | D:8      | Found a transporter.
  6871 | D:8      | Found a transporter.
  6914 | D:8      | Found a flagged portal.
  7067 | Bailey   | Entered a bailey
  7335 | Bailey   | Reached skill level 5 in Invocations
  7562 | Bailey   | Noticed an orc knight
  7636 | Bailey   | Killed an orc knight
  7636 | Bailey   | Reached **** piety under Okawaru
  7637 | Bailey   | Reached XP level 10. HP: 11/80 MP: 17/17
  7959 | Bailey   | Reached skill level 5 in Long Blades
  7959 | Bailey   | Reached skill level 5 in Axes
  7959 | Bailey   | Reached skill level 5 in Maces & Flails
  7959 | Bailey   | Reached skill level 5 in Polearms
  7959 | Bailey   | Reached skill level 5 in Staves
  7959 | Bailey   | Reached skill level 5 in Slings
  7959 | Bailey   | Reached skill level 5 in Bows
  7959 | Bailey   | Reached skill level 5 in Crossbows
  7959 | Bailey   | Reached skill level 5 in Throwing
  7959 | Bailey   | Reached skill level 5 in Armour
  7959 | Bailey   | Reached skill level 5 in Shields
  7959 | Bailey   | Reached skill level 5 in Unarmed Combat
  7959 | Bailey   | Reached skill level 5 in Spellcasting
  7959 | Bailey   | Reached skill level 5 in Evocations
  8334 | Bailey   | Noticed an orc warlord
  8341 | Bailey   | Slain by an orc warlord

Illustrated notes

Levels and vault maps discovered:
D:1:      noname_arrival_rooms_in_the_neighbourhood, layout_basic,
          shapermc_ecumenical_altar_hornbeckon
D:2:      layout_basic, minmay_pentomino_q2
D:3:      layout_rooms, lemuel_tele_altar
D:4:      layout_cave_pods, minitemple,
          nicolae_gozag_cash_rules_everything_around_me
D:5:      layout_cave_pools, mainiacjoe_overflow_six_doors_small,
          uniq_prince_ribbit1
D:6:      layout_basic, amethyst_overflow_temple_binary, serial_corexii_hall,
          chequers_hall_statues_wall_a, chequers_hall_statues_wall_a
D:7:      layout_basic, minmay_temple_entry_arrows
D:8:      gammafunk_steamed_eel, layout_rooms, enter_bailey_4,
          hangedman_decor_slide_cut, uniq_joseph
Bailey:   bailey_axe_minmay_hex_keep, bailey

Skill      XL: |  1  2  3  4  5  6  7  8  9 10 |
---------------+-------------------------------+-----
Stealth        | 10 | 10.8
Long Blades    | 1 2 3 4 5 |  5.1
Axes           | 1 2 3 4 5 |  5.1
Maces & Flails | 1 2 3 4 5 |  5.1
Polearms       | 1 2 3 4 5 |  5.1
Staves         | 1 2 3 4 5 |  5.1
Slings         | 1 2 3 4 5 |  5.1
Bows           | 1 2 3 4 5 |  5.1
Crossbows      | 1 2 3 4 5 |  5.1
Throwing       | 1 2 3 4 5 |  5.1
Armour         | 1 2 3 4 5 |  5.1
Shields        | 1 2 3 4 5 |  5.1
Unarmed Combat | 1 2 3 4 5 |  5.1
Spellcasting   | 1 2 3 4 5 |  5.1
Invocations    | 1 2 3 4 5 |  5.6
Evocations     | 1 2 3 4 5 |  5.1
Conjurations   | 1 2 3 4 |  4.2
Hexes          | 1 2 3 4 |  4.2
Summonings     | 1 2 3 4 |  4.2
Necromancy     | 1 2 3 4 |  4.2
Translocations | 1 2 3 4 |  4.2
Transmutations | 1 2 3 4 |  4.2
Fire Magic     | 1 2 3 4 |  4.2
Ice Magic      | 1 2 3 4 |  4.2
Air Magic      | 1 2 3 4 |  4.2
Earth Magic    | 1 2 3 4 |  4.2
Poison Magic   | 1 2 3 4 |  4.2
Short Blades   | 5 6 |  6.9
Dodging        | 5 6 |  6.9
Fighting       | 7 8 |  8.4

Action                   |  1- 3 |  4- 6 |  7- 9 | 10-12 || total
-------------------------+-------+-------+-------+-------++-------
Melee: Short sword       |     3 |    63 |       |       ||    66
       Bite              |       |    15 |    47 |     4 ||    66
       Trident           |       |   102 |   364 |    49 ||   515
       Punch             |       |     3 |    10 |     2 ||    15
Invok: Heroism           |       |       |     6 |       ||     6
Evoke: Wand              |       |       |     4 |       ||     4
  Use: Potion            |       |       |     5 |       ||     5
       Scroll            |       |       |     4 |       ||     4
 Stab: Sleeping          |     2 |    18 |    14 |       ||    34
       Distracted        |     1 |     2 |     4 |       ||     7
Armor: Leather armour    |       |    16 |       |       ||    16
       Ring mail         |       |     6 |   189 |    13 ||   208
Dodge: Dodged            |       |    89 |   369 |    17 ||   475

Table legend: (Time is in decaauts)
 A = Elapsed time spent in this place.
 B = Non-inter-level travel time spent in this place.
 C = Inter-level travel time spent in this place.
 D = Time resting spent in this place.
 E = Time spent auto-exploring this place.
 F = Levels seen in this place.
 G = Mean time per level.
                   A        B        C        D        E       F      G
               +--------+--------+--------+--------+--------+-----+--------+
         Total |   8380 |   8229 |    151 |   1508 |   5230 |   9 |  931.1 |
       Dungeon |   7119 |   6968 |    151 |   1296 |   4423 |   8 |  889.9 |
        Bailey |   1260 |   1260 |      0 |    212 |    806 |   1 | 1260.0 |
               +--------+--------+--------+--------+--------+-----+--------+

Top non-repeatable levels by time:
     D:5: 1570 daAuts
     D:6: 1555 daAuts
  Bailey: 1260 daAuts
     D:4: 1229 daAuts
     D:1: 1019 daAuts
     D:3: 792 daAuts
     D:7: 414 daAuts
     D:2: 397 daAuts
     D:8: 140 daAuts
